 Dungeon Crawl Stone Soup version 0.30-a0-950-gbf40cfac39 (webtiles) character file.

Game seed: 6744492486218068905

2545 Maize the Cleaver (level 9, -6/82 HPs)
             Began as a Minotaur Berserker on Mar 28, 2023.
             Was an Elder of Trog.
             Killed from afar by an electric eel (11 damage)
             ... with a bolt of electricity
             ... on level 6 of the Dungeon.
             The game lasted 00:11:04 (5883 turns).

Maize the Cleaver (Minotaur Berserker)              Turns: 5883, Time: 00:11:06

Health: -6/82      AC: 13    Str: 33    XL:     9   Next: 30%
Magic:  8/8        EV: 11    Int:  4    God:    Trog [****..]
Gold:   174        SH:  0    Dex:  9    Spells: 8/8 levels left

rFire   . . .      SeeInvis .    C - +0 war axe
rCold   . . .      Faith    .    (no shield)
rNeg    + . .      Spirit   .    i - +0 scale mail
rPois   .          Reflect  .    (helmet restricted)
rElec   .          Rampage  .    v - +1 cloak
rCorr   .                        o - +2 pair of gloves
Will    .....                    (no boots) Stlth
                                 (no amulet)
HPRegen 0.33/turn                w - +6 ring of strength
MPRegen 0.11/turn                A - ring of positive energy

@: no status effects
A: horns 2, retaliatory headbutt
a: Renounce Religion, Berserk, Trog's Hand, Brothers in Arms


You were on level 6 of the Dungeon.
You worshipped Trog.
Trog was greatly pleased with you.
You visited 1 branch of the dungeon, and saw 6 of its levels.

You collected 397 gold pieces.
You spent 223 gold pieces at shops.

Inventory:

Hand Weapons
 C - a +0 war axe (weapon)
Missiles
 s - 4 curare-tipped darts (quivered)
Armour
 i - a +0 scale mail (worn)
 o - a +2 pair of gloves (worn)
 v - a +1 cloak (worn)
Jewellery
 a - a ring of ice
 w - a +6 ring of strength (left hand)
 A - a ring of positive energy (right hand)
Wands
 u - a wand of polymorph (11)
 y - a wand of flame (20)
Scrolls
 c - a scroll of poison {unknown}
 e - a scroll of immolation {unknown}
 f - 4 scrolls of teleportation {unknown}
 g - 2 scrolls of fear {unknown}
 j - 3 scrolls of noise {unknown}
 k - a scroll of silence
 n - 2 scrolls of fog {unknown}
 p - 2 scrolls of magic mapping
 q - a scroll of brand weapon {unknown}
 x - a scroll of vulnerability {unknown}
 z - 2 scrolls of identify
 D - a scroll of enchant armour {unknown}
Potions
 b - 2 potions of heal wounds {unknown}
 d - 3 potions of mutation {unknown}
 h - 2 potions of brilliance {unknown}
 l - a potion of attraction {unknown}
 m - 5 potions of curing
 r - a potion of flight {unknown}
 t - a potion of invisibility {unknown}
 B - a potion of magic {unknown}


   Skills:
 + Level 8.4 Fighting
 * Level 11.1 Axes
 + Level 8.0 Armour
 - Level 2.7 Dodging


You had 8 spell levels left.
You didn't know any spells.
Your spell library was empty.

Dungeon Overview and Level Annotations

Branches:
Dungeon (6/15)
 Temple: D:4-7

Altars:
Kikubaaqudgha
Makhleb
Ru
Wu Jian
Xom
Zin

Shops:
D:3 ?   D:5 :[[=


Innate Abilities, Weirdness & Mutations

You have a pair of horns on your head.
You reflexively headbutt those who attack you in melee.


Message History

You start resting.
An electric eel is nearby!
The electric eel shoots out a bolt of lightning at you!
The bolt of electricity hits you. The bolt of electricity hits you!
* * * LOW HITPOINT WARNING * * *
You start resting.
HP restored.
The electric eel shoots out a bolt of lightning at you!
The bolt of electricity misses you.
There is an open door here.
The electric eel shoots out a bolt of lightning at you!
The bolt of electricity hits you.
The electric eel shoots out a bolt of lightning at you!
The bolt of electricity hits you.
The electric eel shoots out a bolt of lightning at you!
The bolt of electricity hits you!
The electric eel shoots out a bolt of lightning at you!
The bolt of electricity hits you.
The electric eel shoots out a bolt of lightning at you!
The bolt of electricity hits you! x2
* * * LOW HITPOINT WARNING * * *
You barely miss the electric eel. You slash the plant!
The plant begins to die.
You hit the plant.
The plant begins to die.
The electric eel shoots out a bolt of lightning at you!
The bolt of electricity hits you!
* * * LOW HITPOINT WARNING * * *
The electric eel shoots out a bolt of lightning at you!
The bolt of electricity hits the plant!!
The bolt of electricity hits you!
* * * LOW HITPOINT WARNING * * *
The electric eel shoots out a bolt of lightning at you!
The bolt of electricity hits you!
* * * LOW HITPOINT WARNING * * *
A nearby plant withers and dies.
The electric eel shoots out a bolt of lightning at you!
The bolt of electricity hits the plant!
The bolt of electricity hits you.
* * * LOW HITPOINT WARNING * * *
The electric eel shoots out a bolt of lightning at you!
The bolt of electricity hits you!
You die...

.##...######~#####..###........).
###..##....~##≈≈≈####............
.##.##~######≈≈.S≈##........##...
#.#.#~##≈≈≈##[:S["#............##
.)).#~#≈≈.≈≈#.S.P~#........##...#
..#.#~#)..†~#~~..~#....##...##...
..###~#..~†.#.....#....##...###..
....#~#~P.~.#.....#....###.......
..<.#.#.....##..@###....##.......
#..##.#.....#####..#...........##
#..##.##..'##~~~..##...##.......#
....##.####.~~######............#
#.#..##~~~..### #.##.........##..
<.#...###########................
..........#...#....##............
..................###............
.#....####.[........#........##).


You could see 3 electric eels.

Vanquished Creatures
  A hornet (D:6)
  A water moccasin (D:5)
  An ice beast (D:4)
  An ogre (D:4)
  A centaur (D:6)
  2 phantoms
  A kobold brigand (D:6)
  2 bullfrogs (D:6)
  2 gnoll sergeants
  A water moccasin zombie (D:3)
  3 scorpions
  A wight (D:3)
  The ghost of M4edhros the Charlatan, a weakling OpAr (D:3)
  A howler monkey (D:6)
  3 electric eels (D:6)
  2 centaur zombies (D:3)
  4 hounds
  3 jellies
  A gnoll bouda (D:6)
  4 orc priests (D:6)
  2 iguanas
  2 sleepcaps
  5 orc wizards
  Natasha (twice) (D:3)
  14 gnolls
  8 adders
  A shadow imp (D:5)
  A white imp (D:6)
  2 worms
  A dart slug (D:4)
  19 orcs
  5 ball pythons
  9 endoplasms
  5 giant cockroaches
  7 goblins
  8 hobgoblins
  4 jackals (D:2)
  6 quokkas
  7 bats
  5 frilled lizards
  15 kobolds
  2 rats (D:2)
166 creatures vanquished.

Vanquished Creatures (others)
  16 plants
16 creatures vanquished.

Grand Total: 182 creatures vanquished

Notes
Turn   | Place    | Note
-------+----------+-------------------------------------------
     0 | D:1      | Maize the Minotaur Berserker began the quest for the Orb.
     0 | D:1      | Reached XP level 1. HP: 19/19 MP: 0/0
   165 | D:1      | Reached XP level 2. HP: 23/27 MP: 1/1
   383 | D:1      | Reached skill level 4 in Axes
   481 | D:1      | Reached XP level 3. HP: 31/33 MP: 2/2
   775 | D:1      | Reached ** piety under Trog
  1269 | D:2      | Reached XP level 4. HP: 41/41 MP: 3/3
  1785 | D:3      | Found a transporter.
  1789 | D:3      | Noticed M4edhros's ghost (weakling OpAr)
  1803 | D:3      | Reached skill level 5 in Axes
  1803 | D:3      | Reached XP level 5. HP: 47/47 MP: 4/4
  1805 | D:3      | Reached *** piety under Trog
  1806 | D:3      | Reached skill level 5 in Fighting
  1811 | D:3      | Reached skill level 6 in Axes
  1811 | D:3      | Reached XP level 6. HP: 56/56 MP: 5/5
  1820 | D:3      | Killed M4edhros's ghost
  1823 | D:3      | Found a transporter.
  1978 | D:3      | Noticed Natasha
  1986 | D:3      | Killed Natasha
  2090 | D:3      | Found Woutiehu's Magic Scroll Boutique.
  2098 | D:3      | Bought a scroll of magic mapping for 105 gold pieces
  2098 | D:3      | Bought a scroll of identify for 28 gold pieces
  2125 | D:3      | Noticed Natasha
  2128 | D:3      | Killed Natasha
  2461 | D:4      | Reached skill level 5 in Armour
  2514 | D:4      | Reached skill level 7 in Axes
  2514 | D:4      | Reached XP level 7. HP: 55/62 MP: 6/6
  2560 | D:4      | Found an ornate altar of the Wu Jian Council.
  2561 | D:4      | Found a burning altar of Makhleb.
  2954 | D:4      | Reached skill level 8 in Axes
  3093 | D:5      | Entered Level 5 of the Dungeon
  3126 | D:5      | Found a sacrificial altar of Ru.
  3145 | D:5      | Found Gocongu's Antique Armour Shop.
  3147 | D:5      | Found Ydiamitu's Book Shop.
  3148 | D:5      | Found Viwnyal's Jewellery Shop.
  3150 | D:5      | Found Yrghufu's Antique Armour Shop.
  3301 | D:5      | Reached XP level 8. HP: 71/71 MP: 7/7
  3368 | D:5      | Reached **** piety under Trog
  3810 | D:5      | Reached skill level 9 in Axes
  4014 | D:5      | Found an ancient bone altar of Kikubaaqudgha.
  4015 | D:5      | Found a shimmering altar of Xom.
  4672 | D:6      | Reached skill level 10 in Axes
  4900 | D:6      | Reached XP level 9. HP: 81/81 MP: 8/8
  5001 | D:6      | Found Zin's Purification Station.
  5003 | D:6      | Found a glowing silver altar of Zin.
  5008 | D:6      | Bought a potion of curing for 90 gold pieces
  5152 | D:6      | Paralysed by a hornet for 3 turns
  5156 | D:6      | Reached skill level 11 in Axes
  5883 | D:6      | Killed from afar by an electric eel

Illustrated notes

Levels and vault maps discovered:
D:1:      amcnicky_arrival_abandoned_market, layout_loops_ring,
          serial_bayou_lake_a
D:2:      layout_loops_ring
D:3:      layout_loops_ring, gammafunk_ghost_mausoleum, serial_shops, shop,
          minmay_unequal, uniq_natasha
D:4:      minmay_spotlight, layout_rooms,
          chequers_temple_overflow_statue_of_worship
D:5:      layout_layer_cave, mainiacjoe_overflow_boulevard, minitemple,
          amethyst_killhole, minmay_shop_grid_forest
D:6:      cheibrodos_two_vegetables, layout_cave_pools, zin_purify,
          nicolae_sextant

Skill      XL: |  1  2  3  4  5  6  7  8  9 |
---------------+----------------------------+-----
Fighting       | 4 5 6 7 8 |  8.4
Axes           | 4 5 6 7 8 10 11 | 11.1
Armour         | 3 4 5 6 7 8 |  8.0
Dodging        | |  2.7

Action                     |  1- 3 |  4- 6 |  7- 9 || total
---------------------------+-------+-------+-------++-------
  Melee: Hand axe          |   112 |    98 |   180 ||   390
         Headbutt          |    16 |    16 |    37 ||    69
         Punch             |       |     2 |     1 ||     3
         War axe           |       |       |    32 ||    32
 Invoke: Berserk           |     1 |     2 |     4 ||     7
    Use: Scroll            |       |     2 |       ||     2
 Armour: Animal skin       |     8 |       |       ||     8
         Scale mail        |    12 |    41 |    91 ||   144
  Dodge: Dodged            |    76 |    44 |   114 ||   234

Table legend: (Time is in decaauts)
 A = Elapsed time spent in this place.
 B = Non-inter-level travel time spent in this place.
 C = Inter-level travel time spent in this place.
 D = Time resting spent in this place.
 E = Time spent auto-exploring this place.
 F = Levels seen in this place.
 G = Mean time per level.
                   A        B        C        D        E       F      G
               +--------+--------+--------+--------+--------+-----+--------+
         Total |   5996 |   5882 |    114 |    932 |   3768 |   6 |  999.3 |
       Dungeon |   5996 |   5882 |    114 |    932 |   3768 |   6 |  999.3 |
               +--------+--------+--------+--------+--------+-----+--------+

Top non-repeatable levels by time:
     D:6: 1452 daAuts
     D:5: 1372 daAuts
     D:1: 960 daAuts
     D:3: 903 daAuts
     D:2: 688 daAuts
     D:4: 619 daAuts
